 Dungeon Crawl Stone Soup version 0.31-a0-489-g282fc92437 (webtiles) character file.

Game seed: 15588253944706414327

277 Ethylacetat the Cutter (level 6, -9/44 HPs)
             Began as an Octopode Gladiator on Aug 8, 2023.
             Mangled by a sleepcap (14 damage)
             ... on level 3 of the Dungeon.
             The game lasted 00:04:02 (1413 turns).

Ethylacetat the Cutter (Octopode Gladiator)         Turns: 1413, Time: 00:04:02

Health: -9/44      AC:  1    Str: 19    XL:     6   Next: 26%
Magic:  6/6        EV:  2    Int: 10    God:
Gold:   266        SH:  0    Dex: 16    Spells: 5/5 levels left

rFire   . . .        e - +5 spear (pain)
rCold   . . .        h - +0 buckler
rNeg    . . .        b - +0 hat
rPois   .            (no amulet)
rElec   .            g - +6 ring of strength
rCorr   .            (no ring)
SInv    .            (no ring)
Will    .....        (no ring)
Stlth   ++           (no ring)
HPRegen 0.27/turn    (no ring)
MPRegen 0.10/turn    (no ring)
                     (no ring)

%: no passive effects
@: sleeping
A: almost no armour, amphibious, 8 rings, camouflage 1, gelatinous body 1,
(nimble swimmer 1), tentacles
a: no special abilities


You were on level 3 of the Dungeon.
You visited 1 branch of the dungeon, and saw 3 of its levels.

You collected 266 gold pieces.

Inventory:

Hand Weapons
 e - a +5 spear of pain (weapon)
Missiles
 c - 3 throwing nets
 d - a javelin (quivered)
 j - 5 boomerangs
Armour
 b - a +0 hat (worn)
 h - a +0 buckler (worn)
Jewellery
 g - a +6 ring of strength (left tentacle)
Wands
 p - a wand of iceblast (8)
Scrolls
 a - a scroll of fog {unknown}
 f - a scroll of vulnerability {unknown}
 i - a scroll of brand weapon {unknown}
 k - a scroll of revelation {unknown}
 l - a scroll of teleportation {unknown}
 m - 2 scrolls of identify {unknown}
 n - 2 scrolls of butterflies {unknown}
 q - a scroll of enchant weapon {unknown}
 s - a scroll of noise {unknown}
Potions
 o - 3 potions of degeneration {unknown}
 r - a potion of curing {unknown}
 t - a potion of brilliance {unknown}


   Skills:
 + Level 4.7 Fighting
 + Level 5.2 Short Blades
 - Level 2.0 Throwing
 - Level 3.0 Dodging


You had 5 spell levels left.
You didn't know any spells.
Your spell library was empty.

Dungeon Overview and Level Annotations

Branches:
Dungeon (3/15)

Altars:
Hepliaklqana
Xom

Shops:
D:1 *   D:2 =


Innate Abilities, Weirdness & Mutations

You cannot wear most types of armour.
You are amphibious.
You can wear up to eight rings at the same time.
Your skin changes colour to match your surroundings (Stealth+).
Your rubbery body absorbs attacks. (AC +1, EV +1)
((You are camouflaged when in or above water. (Stealth+)))
You have tentacles for arms and can constrict up to eight enemies at once.


Message History

A sleepcap is nearby!
A sleepcap is nearby!
You reach to attack!
You hit the sleepcap.
The sleepcap is moderately damaged.
You hit the sleepcap but do no damage. You grab the sleepcap.
The sleepcap is moderately damaged.
You constrict the sleepcap, but do no damage.
The sleepcap releases spores at you.
You are engulfed in a cloud of soporific spores!
You fall asleep.
You lose your grip on the sleepcap.
The sleepcap releases spores at you!
You wake up.
You hit the sleepcap. You grab the sleepcap.
The sleepcap is moderately damaged.
You constrict the sleepcap. The sleepcap releases spores at you.
You are too injured to fight recklessly!
You are too injured to fight recklessly!
You are too injured to fight recklessly!
Unknown command.
You are too injured to fight recklessly!
You are too injured to fight recklessly!
You hit the sleepcap but do no damage. You squeeze the sleepcap!
The sleepcap is severely damaged.
You constrict the sleepcap. The sleepcap releases spores at you.
You are engulfed in a cloud of soporific spores!
You are unaffected.
You hit the sleepcap but do no damage.
The sleepcap is almost destroyed.
You constrict the sleepcap. The sleepcap releases spores at you.
* * * LOW HITPOINT WARNING * * *
You hit the sleepcap.
The sleepcap is almost destroyed.
You constrict the sleepcap, but do no damage.
The sleepcap releases spores at you.
* * * LOW HITPOINT WARNING * * *
You are engulfed in a cloud of soporific spores!
You fall asleep.
You lose your grip on the sleepcap.
The sleepcap releases spores at you!
You die...

##.....#..##
##.......###
#......)..###..
#..............#
#.........####.#
#.........#
#.........###
##...........
#....@....###
#..?.f....#
#..)......#
#.........#
#.........#
##.......##
##..!..##
#######


You could see a sleepcap.

Vanquished Creatures
  Sigmund (D:2)
  Crazy Yiuf (D:2)
  Robin (D:2)
  3 dart slugs
  3 orcs (D:3)
  3 ball pythons (D:1)
  5 endoplasms
  11 goblins
  9 hobgoblins
  5 kobolds
  A quokka (D:1)
  4 bats
  2 frilled lizards (D:2)
49 creatures vanquished.

Notes
Turn   | Place    | Note
-------+----------+-------------------------------------------
     0 | D:1      | Ethylacetat the Octopode Gladiator began the quest for the
                  | Orb.
     0 | D:1      | Reached XP level 1. HP: 14/14 MP: 1/1
    51 | D:1      | Found Selod's Assorted Antiques.
    61 | D:1      | Reached XP level 2. HP: 12/20 MP: 2/2
   306 | D:1      | Reached XP level 3. HP: 25/25 MP: 3/3
   404 | D:2      | Noticed Sigmund
   412 | D:2      | Killed Sigmund
   413 | D:2      | Reached skill level 4 in Short Blades
   413 | D:2      | Reached XP level 4. HP: 30/33 MP: 4/4
   413 | D:2      | Reached XP level 5. HP: 34/37 MP: 5/5
   595 | D:2      | Noticed Robin
   615 | D:2      | Reached skill level 5 in Short Blades
   625 | D:2      | HP: 1/38 [hobgoblin[Robin] (5)]
   635 | D:2      | Killed Robin
   636 | D:2      | Reached XP level 6. HP: 19/44 MP: 6/6
   819 | D:2      | Found Dimog's Jewellery Shop.
  1022 | D:2      | Found a runed translucent door.
  1023 | D:2      | Noticed Crazy Yiuf
  1031 | D:2      | Killed Crazy Yiuf
  1116 | D:3      | Found a hazy altar of Hepliaklqana.
  1188 | D:3      | Found a faded altar of an unknown god.
  1192 | D:3      | Found a shimmering altar of Xom.
  1413 | D:3      | Mangled by a sleepcap

Illustrated notes

Levels and vault maps discovered:
D:1:      lightli_arrival_flooded_house, layout_rooms, serial_shops,
          nicolae_diamond_shop
D:2:      layout_rooms, serial_shops, nicolae_lakefront_shop,
          chequers_serial_rivers_room_b, minivault_26, uniq_crazy_yiuf_cottage,
          uniq_robin, uniq_sigmund
D:3:      layout_rooms, amcnicky_altar_gilded,
          nicolae_overflow_ecumenical_swirl, gammafunk_temple_overflow_pools,
          serial_glass, glass_columns_a, glass_columns_b, serial_park_tiny_pond,
          guppyfry_early_orc_mine

Skill      XL: |  1  2  3  4  5 |
---------------+----------------+-----
Fighting       | 4 |  4.7
Short Blades   | 4 5 |  5.2
Throwing       | |  2.0
Dodging        | |  3.0

Action                     |  1- 3 |  4- 6 || total
---------------------------+-------+-------++-------
  Melee: Rapier            |    38 |    26 ||    64
         Constrict         |    11 |    17 ||    28
         Tentacles         |     5 |    13 ||    18
         Spear             |       |    30 ||    30
         Punch             |       |     1 ||     1
    Use: Potion            |       |     1 ||     1
   Stab: Sleeping          |     2 |     3 ||     5
 Armour: Skin              |     4 |     1 ||     5
  Dodge: Dodged            |    20 |    19 ||    39
  Block: Buckler           |     1 |     4 ||     5

Table legend: (Time is in decaauts)
 A = Elapsed time spent in this place.
 B = Non-inter-level travel time spent in this place.
 C = Inter-level travel time spent in this place.
 D = Time resting spent in this place.
 E = Time spent auto-exploring this place.
 F = Levels seen in this place.
 G = Mean time per level.
                   A        B        C        D        E       F      G
               +--------+--------+--------+--------+--------+-----+--------+
         Total |   1416 |   1390 |     26 |      0 |   1075 |   3 |  472.0 |
       Dungeon |   1416 |   1390 |     26 |      0 |   1075 |   3 |  472.0 |
               +--------+--------+--------+--------+--------+-----+--------+

Top non-repeatable levels by time:
     D:2: 702 daAuts
     D:1: 404 daAuts
     D:3: 309 daAuts
